 Dungeon Crawl Stone Soup version 0.29.0-13-gc9e81de378 (webtiles) character file.

Game seed: 10789644734692628117

1215 gelatine the Shooter (level 8, -4/39 HPs)
             Began as a Spriggan Hunter on Sept 8, 2022.
             Slain by a boulder beetle (19 damage)
             ... on level 6 of the Dungeon.
             The game lasted 00:13:24 (5299 turns).

gelatine the Shooter (Spriggan Hunter)              Turns: 5299, Time: 00:13:25

Health: -4/39      AC:  7    Str: 16    XL:     8   Next: 22%
Magic:  0/22       EV: 19    Int: 11    God:
Gold:   289        SH:  6    Dex: 20    Spells: 11/12 levels left

rFire   . . .      SeeInvis +   m - +0 sling
rCold   . . .      Faith    .   n - +0 buckler
rNeg    + . .      Spirit   +   y - +2 robe of the King of the Hill {-Tele Str+9 Slay+6 Stlth-}
rPois   .          Reflect  .   (helmet restricted)
rElec   .          Harm     .   I - +2 cloak
rCorr   .          Rampage  .   (gloves unavailable)
Will    +....      NoTele   +   (boots unavailable)
Stlth   ++........              x - amulet of guardian spirit
HPRegen 0.13/turn               g - ring of magical power
MPRegen 0.18/turn               h - ring of positive energy

@: very quick
A: very small, no large weapons, unfitting armour, see invisible, speed 3
a: no special abilities


You were on level 6 of the Dungeon.
You visited 2 branches of the dungeon, and saw 7 of its levels.

You collected 289 gold pieces.

Inventory:

Hand Weapons
 a - a +0 shortbow
 j - a +1 dagger of electrocution
 m - a +0 sling (weapon)
Missiles
 J - a throwing net
Armour
 n - a +0 buckler (worn)
 y - the +2 robe of the King of the Hill (worn) {-Tele Str+9 Slay+6 Stlth-}
   (You found it on level 3 of the Dungeon)

   Str:       It affects your strength (+9).
   Slay:      It affects your accuracy & damage with ranged weapons and melee
   (+6).
   -Tele:     It prevents most forms of teleportation.
   Stlth:     It makes you less stealthy.
 I - a +2 cloak (worn)
Jewellery
 g - a ring of magical power (left hand)
 h - a ring of positive energy (right hand)
 x - an amulet of guardian spirit (around neck)
Wands
 i - a wand of light (4)
 u - a wand of polymorph (2)
Scrolls
 b - a scroll of immolation
 c - 2 scrolls of amnesia {unknown}
 d - 7 scrolls of identify {unknown}
 k - 3 scrolls of noise {unknown}
 l - 4 scrolls of blinking {unknown}
 q - a scroll of acquirement {unknown}
 r - a scroll of fog {unknown}
 w - 4 scrolls of teleportation {unknown}
 B - a scroll of vulnerability {unknown}
 C - 4 scrolls of summoning {unknown}
 E - 4 scrolls of enchant armour {unknown}
 G - a scroll of enchant weapon {unknown}
Potions
 e - 5 potions of heal wounds {unknown}
 f - a potion of resistance {unknown}
 o - 2 potions of brilliance {unknown}
 p - 3 potions of flight {unknown}
 s - 2 potions of mutation {unknown}
 t - a potion of magic {unknown}
 v - 2 potions of degeneration {unknown}
 z - 2 potions of invisibility
 A - a potion of lignification {unknown}
 D - 4 potions of might {unknown}
 F - 2 potions of curing {unknown}
 H - a potion of attraction {unknown}


   Skills:
 + Level 2.8 Fighting
 + Level 7.6 Ranged Weapons
 * Level 5.2 Dodging
 * Level 4.7 Stealth
 + Level 0.6 Shields
 * Level 2.8 Spellcasting
 * Level 3.0 Poison Magic
 * Level 3.0 Evocations


You had 11 spell levels left.
You knew the following spells:

 Your Spells              Type           Power      Damage    Failure   Level
a - Sting                 Tmut/Pois      16%        1d3       32%         1

Your spell library contained the following spells:

 Spells                   Type           Power      Damage    Failure   Level
 Poisonous Vapours        Pois/Air       8%         N/A       43%         2
 Olgreb's Toxic Radiance  Pois           8%         N/A       86%         4


Dungeon Overview and Level Annotations

Branches:
Dungeon (6/15)             Temple (1/1) D:4

Altars:
Cheibriados
Elyvilon
Fedhas
Gozag
Hepliaklqana
Kikubaaqudgha
Makhleb
Nemelex Xobeh
Okawaru
Ru
Trog
Uskayaw
Vehumet
Wu Jian

Shops:
D:2 [   D:3 *   D:4 (


Innate Abilities, Weirdness & Mutations

You are very small and have problems with some larger weapons.
You are too small for most types of armour.
You have supernaturally acute eyesight. (SInv)
You cover ground extremely quickly. (Speed+++)


Message History

The adder bites you but does no damage.
You shoot a sling bullet. The sling bullet hits the adder!
You kill the adder!
You hear a bark!
An adder comes into view.
You hear an angry hiss.
You shoot a sling bullet.
The sling bullet hits the boulder beetle but does no damage.
The boulder beetle barely misses you.
The boulder beetle stops rolling and uncurls.
The boulder beetle bites you!!
You shoot a sling bullet.
The sling bullet completely misses the boulder beetle.
You block the boulder beetle's attack.
You shoot a sling bullet.
The sling bullet hits the boulder beetle but does no damage.
You block the boulder beetle's attack.
The boulder beetle leaps!
You shoot a sling bullet. The sling bullet hits the adder.
The adder is heavily wounded.
You hear a bark!
You hear an angry hiss.
You shoot a sling bullet. The sling bullet misses the adder.
The adder closely misses you.
A hound comes into view.
You block the adder's attack.
You shoot a sling bullet. The sling bullet hits the adder.
The adder is almost dead.
The adder bites you but does no damage.
You shoot a sling bullet. The sling bullet hits the adder.
You kill the adder!
No target in view!
A boulder beetle is nearby!
You shoot a sling bullet.
The sling bullet hits the boulder beetle!
The boulder beetle is lightly wounded.
The boulder beetle bites you!
You are too injured to fight recklessly!
The boulder beetle curls into a ball and begins rolling!
The boulder beetle attacks as you move away!
The boulder beetle hits you!!
You die...

......# #........#
#.# #...##
#####.###>######.#
#.# #.)..## ..#
#.....# #.#####.#
##....# #.#
###.### #.......#
#)).)# #.# #.#
#.####### ♣).).♣
#.#####.# #.#..
♣♣...♣ ........#
#.#.# ♣♣.♣♣
...###### ##.#.#
♣♣.♣ #..# #.@..##
♣.♣♣ #.># #.B...#
♣♣.♣ ##.#
#.°...##### ♣.♣♣
#)# ##°#......#
##'## #.#
#°##.##### #...#
#.# #####h##.#
#...# #.#
#.°°..##.# #)..#
##.# #°######.#
##### ...# #.. ###


You could see a boulder beetle (rolling) and a hound.

Vanquished Creatures
  A steam dragon (D:6)
  A centaur (D:6)
  An ogre (D:5)
  A phantom (D:4)
  4 necrophages
  A gnoll sergeant (D:3)
  A scorpion (D:5)
  A jelly (D:5)
  An orc priest (D:5)
  Crazy Yiuf (D:6)
  3 hounds
  A gnoll bouda (D:6)
  An iguana (D:6)
  9 gnolls
  7 adders
  A shadow imp (D:5)
  A white imp (D:6)
  A worm (D:3)
  A dart slug (D:2)
  8 orcs
  8 endoplasms
  3 giant cockroaches
  6 hobgoblins
  2 jackals (D:1)
  3 quokkas
  3 ball pythons
  8 bats
  2 frilled lizards
  9 goblins
  4 kobolds (D:1)
  6 rats
100 creatures vanquished.

Notes
Turn   | Place    | Note
-------+----------+-------------------------------------------
     0 | D:1      | gelatine the Spriggan Hunter began the quest for the Orb.
     0 | D:1      | Reached XP level 1. HP: 10/10 MP: 2/2
    62 | D:1      | Reached XP level 2. HP: 14/14 MP: 3/3
   887 | D:2      | Found Jaxyazic's Armour Shoppe.
  1027 | D:2      | Reached XP level 3. HP: 18/18 MP: 4/4
  1168 | D:2      | Reached skill level 5 in Ranged Weapons
  1329 | D:2      | Learned a level 1 spell: Sting
  1371 | D:2      | Reached XP level 4. HP: 23/23 MP: 5/5
  2044 | D:3      | Found a hide-covered altar of Uskayaw.
  2167 | D:3      | Found a faded altar of an unknown god.
  2502 | D:3      | Found an ancient bone altar of Kikubaaqudgha.
  2629 | D:3      | Found an opulent altar of Gozag.
  2630 | D:3      | Found Gozag's Platinum Reserve.
  2683 | D:3      | Identified the +2 robe of the King of the Hill {-Tele Str+9
                  | Slay+6 Stlth-}
  2875 | D:3      | Noticed a gnoll sergeant
  2877 | D:3      | Reached XP level 5. HP: 26/26 MP: 6/6
  2914 | D:3      | Found the +3 woodcutter's axe {vorpal}
  3190 | D:4      | Found a hazy altar of Hepliaklqana.
  3241 | D:4      | Found Muca's Antique Weapon Shop.
  3267 | D:4      | Noticed a phantom
  3291 | D:4      | Killed a phantom
  3292 | D:4      | Reached skill level 6 in Ranged Weapons
  3292 | D:4      | Reached skill level 1 in Poison Magic
  3292 | D:4      | Reached skill level 1 in Evocations
  3292 | D:4      | Reached XP level 6. HP: 31/31 MP: 8/8
  3319 | D:4      | Reached skill level 1 in Spellcasting
  3418 | D:4      | Found a sacrificial altar of Ru.
  3443 | D:4      | Found a staircase to the Ecumenical Temple.
  3660 | D:4      | Found an iron altar of Okawaru.
  3801 | Temple   | Entered the Ecumenical Temple
  4016 | D:5      | Entered Level 5 of the Dungeon
  4131 | D:5      | Reached XP level 7. HP: 29/35 MP: 10/10
  4340 | D:5      | Reached skill level 7 in Ranged Weapons
  4618 | D:6      | Noticed a steam dragon
  4627 | D:6      | Killed a steam dragon
  4799 | D:6      | Reached XP level 8. HP: 39/39 MP: 12/12
  4984 | D:6      | Found a runed translucent door.
  4985 | D:6      | Noticed Crazy Yiuf
  5014 | D:6      | Killed Crazy Yiuf
  5015 | D:6      | Reached skill level 5 in Dodging
  5278 | D:6      | Noticed a boulder beetle
  5299 | D:6      | Slain by a boulder beetle

Illustrated notes

Levels and vault maps discovered:
D:1:      dpeg_arrival_court, layout_rooms
D:2:      layout_basic, serial_shops, shop
D:3:      layout_loops_ring, nicolae_gozag_zags_fifth_avenue,
          mainiacjoe_overflow_cross_hatched, mainiacjoe_overflow_catwalk,
          serial_forest, infiniplex_forest_lined_3, infiniplex_forest_diagonal,
          infiniplex_forest_diagonal, infiniplex_forest_clump_small,
          infiniplex_forest_clump_cross, infiniplex_forest_lined_4_way,
          infiniplex_forest_end_3, hellmonk_ecumenical_altar_arch_garden,
          pf_guarded_unrand_woodcutter
D:4:      layout_rooms, mainiacjoe_overflow_brackets, hangedman_ru_absence,
          kennysheep_mini_moat, minmay_temple_entry_poolview, serial_shops,
          nicolae_square_shop, hex_intersection
D:5:      layout_rooms
D:6:      minmay_angry_zag, layout_loops_ring, zin_scriptorium,
          uniq_crazy_yiuf_cottage
Temple:   nicolae_temple_bog_church

Skill      XL: |  1  2  3  4  5  6  7  8 |
---------------+-------------------------+-----
Dodging        | 3 4 5 |  5.2
Ranged Weapons | 5 6 7 |  7.6
Fighting       | 2 |  2.8
Stealth        | 2 3 4 |  4.7
Poison Magic   | 1 2 3 |  3.0
Evocations     | 1 2 3 |  3.0
Spellcasting   | 1 2 |  2.8
Shields        | |  0.6

Action                   |  1- 3 |  4- 6 |  7- 9 || total
-------------------------+-------+-------+-------++-------
 Fire: Shortbow          |    62 |       |       ||    62
       Sling             |    40 |   159 |    85 ||   284
Armor: Robe              |     4 |     2 |     5 ||    11
       Skin              |       |    13 |       ||    13
Dodge: Dodged            |    24 |    29 |    11 ||    64
Block: Buckler           |     6 |    22 |    13 ||    41
